 Dungeon Crawl Stone Soup version 0.30.1-11-g7821555f0a (webtiles) character file.

Game seed: 9793442965168509119

641 Amplified the Cleaver (level 8, -6/78 HPs)
             Began as a Meteoran Monk on Nov 12, 2023.
             Shot with an arrow by a centaur (11 damage)
             ... on level 5 of the Dungeon.
             The game lasted 00:06:19 (1514 turns).

Amplified the Cleaver (Meteoran Monk)               Turns: 1514, Time: 00:06:20

Health: -6/78      AC:  5    Str: 21    XL:     8   Next: 8%
Magic:  9/9        EV: 13    Int: 11    God:
Gold:   152        SH:  0    Dex: 17    Spells: 7/7 levels left

rFire   . . .        a - +0 hand axe
rCold   . . .        d - orb {light}
rNeg    . . .        e - +0 ring mail
rPois   .            (no helmet)
rElec   .            (no cloak)
rCorr   .            (no gloves)
SInv    +            (no boots)
Will    +....        (no amulet)
Stlth   +            i - ring of see invisible
HPRegen 0.33/turn    f - +6 ring of strength
MPRegen 0.11/turn

%: no passive effects
@: glowing
A: sense surroundings 1, otherworldly, glowing, explore regen
a: no special abilities


You were on level 5 of the Dungeon.
You visited 1 branch of the dungeon, and saw 5 of its levels.

You collected 152 gold pieces.

Inventory:

Hand Weapons
 a - a +0 hand axe (weapon)
Missiles
 k - 4 poisoned darts (quivered)
 p - a throwing net
Armour
 b - a +1 robe
 d - an orb of light (worn)
 e - a +0 ring mail (worn)
 q - the +1 robe of Oseuxzog {Rampage Drain Int+3}
   (You found it on level 5 of the Dungeon)

   Int:       It affects your intelligence (+3).
   Drain:     It drains your maximum health when unequipped.
   Rampage:   It bestows one free step when moving towards enemies.
Jewellery
 f - a +6 ring of strength (right hand)
 i - a ring of see invisible (left hand)
Wands
 g - a wand of light (3)
 n - a wand of iceblast (9)
Scrolls
 h - 2 scrolls of fog
 m - a scroll of teleportation
 o - a scroll of vulnerability


   Skills:
 * Level 9.4 Fighting
 * Level 10.2 Axes
 * Level 3.2 Armour
 * Level 5.1 Dodging


You had 7 spell levels left.
You didn't know any spells.
Your spell library contained the following spells:

 Spells                   Type           Power      Damage    Failure   Level
 Shock                    Conj/Air       0%         1d3       50%         1
 Swiftness                Air            0%         N/A       86%         3
 Airstrike                Air            0%         2d(0-16)  99%         4
 Alistair's Intoxication  Tmut/Pois      0%         N/A       100%        5
 Borgnjor's Vile Clutch   Necr/Erth      0%         N/A       100%        5
 Eringya's Noxious Bog    Tmut/Pois      0%         N/A       100%        6


Dungeon Overview and Level Annotations

Branches:
Dungeon (5/15) Zot: 1504
 Temple: D:4-7

Altars:
Kikubaaqudgha


Innate Abilities, Weirdness & Mutations

You passively map a small area around you.
You are easily found by Zot.
You glow in the dark.
You regain HP and MP as you explore.


Message History

The orc closely misses you.
Unknown command.
Unknown command.
You hit the hound.
The hound is severely wounded.
You hit the orc.
You kill the orc!
The hound misses you.
Unknown command.
You slash the hound!
You kill the hound!
You hit the ice beast but do no damage.
Unknown command.
The ice beast hits you. The ice beast freezes you!
You see here a hound corpse.
You hit the ice beast but do no damage.
The ice beast is heavily wounded.
The ice beast hits you but does no damage.
You hit the ice beast.
The ice beast is heavily wounded.
The ice beast closely misses you.
You slash the ice beast!
The ice beast is almost dead.
The ice beast barely misses you.
You hit the ice beast.
You kill the ice beast!
You have reached level 8!
A centaur comes into view.
You see here a poisoned dart.
The centaur wields a +1 shortbow of flaming.
It bursts into flame!
The centaur shoots an arrow.
The arrow hits you!
* * * LOW HITPOINT WARNING * * *
The arrow burns you.
* * * LOW HITPOINT WARNING * * *
The centaur shoots an arrow.
The arrow hits you!
* * * LOW HITPOINT WARNING * * *
The arrow burns you.
* * * LOW HITPOINT WARNING * * *
The centaur shoots an arrow.
The arrow hits you!
You die...

#.##* #.# ,, * *
#..## #.# ...# .
* ##..####.#
..#.. *
###......# **
..#c#
.........###*
..#.# # ,
#######....#
#(#.###.., ,
####.# #........
, * * #)#
#........ , ,
#)#####@....#
#)...##...#+####
, *
####..#(##......
##.†.##...... *
#>)......... ,
######$....., *
, ..... ,, * **
* ,.... , , ###


You could see a centaur.

Vanquished Creatures
  An ice beast (D:5)
  A black bear (D:4)
  A sky beast (D:4)
  An ogre (D:5)
  A scorpion (D:5)
  2 hounds (D:5)
  A jelly (D:5)
  3 gnolls (D:4)
  2 adders (D:2)
  A white imp (D:5)
  A worm (D:4)
  2 dart slugs
  7 orcs (D:5)
  3 endoplasms
  3 giant cockroaches
  2 goblins
  3 hobgoblins
  3 quokkas
  2 ball pythons
  2 bats (D:2)
  5 kobolds
  2 rats
49 creatures vanquished.

Notes
Turn   | Place    | Note
-------+----------+-------------------------------------------
     0 | D:1      | Amplified the Meteoran Monk began the quest for the Orb.
     0 | D:1      | Reached XP level 1. HP: 19/19 MP: 2/2
    48 | D:1      | Reached XP level 2. HP: 25/26 MP: 3/3
   133 | D:2      | Reached skill level 1 in Armour
   133 | D:2      | Reached XP level 3. HP: 23/31 MP: 4/4
   135 | D:2      | Reached skill level 4 in Axes
   144 | D:2      | Found an ancient bone altar of Kikubaaqudgha.
   204 | D:2      | Reached skill level 9 in Axes
   204 | D:2      | Reached XP level 4. HP: 50/50 MP: 5/5
   208 | D:2      | You fall into a shaft and drop 2 floors!
   326 | D:4      | Noticed a black bear
   341 | D:4      | Killed a black bear
   342 | D:4      | Reached XP level 5. HP: 51/57 MP: 6/6
   342 | D:4      | Reached XP level 6. HP: 56/63 MP: 7/7
  1119 | D:4      | Noticed a sky beast
  1135 | D:4      | Killed a sky beast
  1136 | D:4      | Reached skill level 10 in Axes
  1198 | D:5      | Entered Level 5 of the Dungeon
  1273 | D:5      | Reached XP level 7. HP: 63/70 MP: 8/8
  1391 | D:5      | Identified the +1 robe of Oseuxzog {Rampage Drain Int+3}
  1470 | D:5      | Reached skill level 5 in Dodging
  1512 | D:5      | Reached XP level 8. HP: 27/78 MP: 9/9
  1514 | D:5      | Shot with an arrow by a centaur

Illustrated notes

Levels and vault maps discovered:
D:1:      matt_arrival_los_fun, layout_basic
D:2:      layout_loops_corners, basic_altar, shapermc_ecumenical_altar_gd
D:3:      layout_loops_ring
D:4:      layout_basic
D:5:      layout_basic, serial_shops, shop

Skill      XL: |  1  2  3  4  5  6  7 |
---------------+----------------------+-----
Armour         | 1 2 3 |  3.2
Dodging        | 4 5 |  5.1
Axes           | 9 10 | 10.2
Fighting       | 9 |  9.4

Action                     |  1- 3 |  4- 6 |  7- 9 || total
---------------------------+-------+-------+-------++-------
  Melee: Hand axe          |    38 |    63 |    48 ||   149
  Throw: Dart              |       |       |     2 ||     2
  Evoke: Wand              |       |     4 |     4 ||     8
    Use: Scroll            |     4 |     7 |     1 ||    12
         Potion            |     1 |     1 |     2 ||     4
   Stab: Invisible         |       |     2 |     1 ||     3
 Armour: Robe              |    11 |     2 |       ||    13
         Ring mail         |       |    18 |    12 ||    30
  Dodge: Dodged            |    23 |    40 |    37 ||   100
